 Dungeon Crawl Stone Soup version 0.32-a0-909-gc671339a80 (webtiles) character file.

Game seed: 10810385524821324126

505 601d51SH the Cudgeller (level 7, -3/60 HPs)
             Began as a Gnoll Cinder Acolyte on Apr 6, 2024.
             Was a High Priest of Ignis.
             Succumbed to an orc warrior zombie's poison
             ... on level 4 of the Dungeon.
             The game lasted 00:07:39 (3878 turns).

601d51SH the Cudgeller (Gnoll Cinder Acolyte)       Turns: 3878, Time: 00:07:39

Health: -3/60      AC: 10    Str: 13    XL:     7   Next: 18%
Magic:  12/12      EV: 10    Int: 15    God:    Ignis [*****.]
Gold:   247        SH:  0    Dex:  8    Spells: 11/13 levels left

rFire   + . .        c - +2 dagger (elec)
rCold   . . .        (no shield)
rNeg    . . .        s - +0 leather armour
rPois   .            (no helmet)
rElec   .            d - +0 cloak
rCorr   .            m - +0 pair of gloves
SInv    .            e - +0 pair of boots
Will    .....        (no amulet)
Stlth   +            r - +4 ring of protection
HPRegen 0.30/turn    (no ring)
MPRegen 0.13/turn

%: no passive effects
@: lethally poisoned (-3 -> -44), rising, flying
A: fangs 1, strong nose, distributed training
a: Renounce Religion, Fiery Armour, Foxfire Swarm


You were on level 4 of the Dungeon.
You worshipped Ignis.
Ignis was extremely pleased with you.
You visited 2 branches of the dungeon, and saw 5 of its levels.

You collected 247 gold pieces.

Inventory:

Hand Weapons
 a - a -1 mace of flaming
 c - a +2 dagger of electrocution (weapon)
 x - a +1 short sword of speed
Missiles
 u - a throwing net (quivered)
Armour
 b - a +0 robe
 d - a +0 cloak (worn)
 e - a +0 pair of boots (worn)
 m - a +0 pair of gloves (worn)
 s - a +0 leather armour (worn)
 y - the +1 pair of gloves "Xitaskech" {Rampage rElec Dex-4}
   (You found it on level 4 of the Dungeon)

   Dex-4:     It affects your dexterity (-4).
   rElec:     It insulates you from electricity.
   Rampage:   It bestows one free step when moving towards enemies.
Jewellery
 r - a +4 ring of protection (left hand)
Wands
 v - a wand of acid (9)
 C - a wand of digging (3)
Scrolls
 f - 5 scrolls of identify {unknown}
 g - 6 scrolls of teleportation {unknown}
 j - 3 scrolls of amnesia {unknown}
 l - a scroll of immolation
 n - a scroll of vulnerability {unknown}
 t - 2 scrolls of fear {unknown}
 w - a scroll of poison {unknown}
 z - a scroll of butterflies {unknown}
 A - 3 scrolls of torment {unknown}
Potions
 h - 2 potions of resistance
 i - a potion of berserk rage {unknown}
 k - 2 potions of heal wounds {unknown}
 o - 4 potions of lignification {unknown}
 p - 2 potions of curing {unknown}
 q - 2 potions of haste {unknown}
 B - a potion of ambrosia {unknown}


   Skills:
 + Level 7.0 Fighting
 + Level 2.4 Short Blades
 + Level 2.4 Long Blades
 + Level 2.4 Axes
 + Level 7.0 Maces & Flails
 + Level 2.4 Polearms
 + Level 2.4 Staves
 + Level 2.4 Ranged Weapons
 + Level 2.4 Throwing
 + Level 2.4 Armour
 + Level 2.4 Dodging
 + Level 2.4 Stealth
 + Level 2.4 Shields
 + Level 2.4 Unarmed Combat
 + Level 3.7 Spellcasting
 + Level 2.0 Conjurations
 + Level 2.0 Hexes
 + Level 2.0 Summonings
 + Level 2.0 Necromancy
 + Level 2.0 Translocations
 + Level 5.8 Fire Magic
 + Level 2.0 Ice Magic
 + Level 2.0 Air Magic
 + Level 2.0 Earth Magic
 + Level 2.0 Alchemy
 + Level 2.6 Invocations
 + Level 2.4 Evocations
 + Level 2.2 Shapeshifting


You had 11 spell levels left.
You knew the following spells:

 Your Spells              Type           Power      Damage    Failure   Level
a - Scorch                Fire           40%        2d6       3%          2

Your spell library contained the following spells:

 Spells                   Type           Power      Damage    Failure   Level
 Apportation              Tloc           16%        N/A       11%         1
 Necrotise                Necr           32%        1d5       11%         1
 Sting                    Conj/Alch      32%        1d5       11%         1
 Summon Small Mammal      Summ           32%        N/A       11%         1
 Lesser Beckoning         Tloc           16%        N/A       16%         2
 Dazzling Flash           Conj/Hex       16%        N/A       30%         3
 Maxwell's Portable Pile  Tloc           8%         2d(6-16)  30%         3
 Teleport Other           Tloc           8%         N/A       30%         3
 Starburst                Conj/Fire      7%         6d4       100%        6
 Maxwell's Capacitive Co  Air            4%         ∞         100%        8
 Chain Lightning          Conj/Air       4%         3d5       100%        9
 Fire Storm               Conj/Fire      7%         8d2       100%        9
 Shatter                  Erth           4%         3d7*      100%        9


Dungeon Overview and Level Annotations

Branches:
Dungeon (4/15)             Temple (1/1) D:4

Altars:
Ashenzari
Cheibriados
Dithmenos
Elyvilon
Fedhas
Gozag
Hepliaklqana
Kikubaaqudgha
Makhleb
Qazlal
Ru
Trog
Uskayaw
Vehumet
Xom
Yredelemnul
Zin

Annotations:
D:4 1 runed translucent door, redmage's ghost, amateur CoGl


Innate Abilities, Weirdness & Mutations

You have very sharp teeth.
Your uncanny sense of smell can sniff out nearby items.
Your experience applies equally to all skills.


Message History

You are more poisoned.
You feel very sick.
You see here 5 gold pieces.
You now have 247 gold pieces (gained 5).
You feel very sick.
The orc warrior zombie barely misses you.
The gnoll sergeant zombie closely misses you.
You feel very sick.
The orc warrior zombie closely misses you.
The gnoll sergeant zombie barely misses you.
You see here an emerald potion.
B - an emerald potion You feel sick.
The orc warrior zombie hits you with a +0 mace of venom!
You are more poisoned.
You feel very sick.
The gnoll sergeant zombie attacks as it pursues you!
The gnoll sergeant zombie closely misses you.
Things that are here:
a wand of digging (3); 7 stones
C - a wand of digging (3)
You feel very sick.
The gnoll sergeant zombie hits you from afar with a +1 spear of venom.
You are lethally poisoned!
* * * LOW HITPOINT WARNING * * *
You feel very sick.
The orc warrior zombie hits you with a +0 mace of venom.
* * * LOW HITPOINT WARNING * * *
You are more poisoned.
The gnoll sergeant zombie hits you but does no damage.
You are more poisoned.
There is a transporter here.
You enter the transporter and appear at another place.
* * * LOW HITPOINT WARNING * * *
You feel extremely sick.
The orc warrior zombie hits you but does no damage.
You are more poisoned.
You begin to rise into the air.
You die...
Ignis goes out, and joins you in death.

####..## #######.####.....#..
##....## #.......# #........
.....## #.......# #.....#.#
.)...# #######.....# #...<.#.#
..########.....####### #.......#
..#○○.○.○#°☼○○○## ##.......#
..#○○○.☼○#.°..°#### #...#.....
..#..#.#.°○..."#..## #..#####..
.©#.○©...'°○.Z§#@..#####..###....
.÷#○○#.#.'...$(#Z.............#.#
..#.○°°°☼#○○°.○####..........##.#
..#○○○○○°#.○..○#............###.#
#.########.....#.##.........# #.#
#........#######.##.........###..
.####............................
.#######........###........#####.
........>..#..........####.......


You could see a gnoll sergeant zombie and an orc warrior zombie.

Vanquished Creatures
  A black bear (D:4)
  A scorpion (D:4)
  2 bombardier beetles (D:3)
  A hound (D:4)
  A sleepcap (D:3)
  2 iguanas (D:4)
  4 gnolls (D:3)
  6 adders
  A dart slug (D:3)
  2 ribbon worms
  9 orcs (D:4)
  5 bats
  9 endoplasms
  4 giant cockroaches
  5 goblins
  4 hobgoblins
  6 jackals
  6 kobolds
  2 quokkas
  6 ball pythons
  5 frilled lizards
  4 rats
86 creatures vanquished.

Vanquished Creatures (others)
  8 foxfires (D:3)
8 creatures vanquished.

Grand Total: 94 creatures vanquished

Notes
Turn   | Place    | Note
-------+----------+-------------------------------------------
     0 | D:1      | 601d51SH the Gnoll Cinder Acolyte began the quest for the
                  | Orb.
     0 | D:1      | Reached XP level 1. HP: 23/23 MP: 4/4
   102 | D:1      | Reached XP level 2. HP: 27/29 MP: 5/5
   158 | D:1      | Learned a level 2 spell: Scorch
   655 | D:1      | Reached XP level 3. HP: 31/35 MP: 7/7
  1012 | D:2      | Reached skill level 1 in Invocations
  1870 | D:3      | Reached skill level 1 in Short Blades
  1870 | D:3      | Reached skill level 1 in Long Blades
  1870 | D:3      | Reached skill level 1 in Axes
  1870 | D:3      | Reached skill level 1 in Polearms
  1870 | D:3      | Reached skill level 1 in Staves
  1870 | D:3      | Reached skill level 1 in Ranged Weapons
  1870 | D:3      | Reached skill level 1 in Throwing
  1870 | D:3      | Reached skill level 1 in Armour
  1870 | D:3      | Reached skill level 1 in Dodging
  1870 | D:3      | Reached skill level 1 in Stealth
  1870 | D:3      | Reached skill level 1 in Shields
  1870 | D:3      | Reached skill level 1 in Unarmed Combat
  1870 | D:3      | Reached skill level 1 in Evocations
  2024 | D:3      | Reached skill level 1 in Conjurations
  2024 | D:3      | Reached skill level 1 in Hexes
  2024 | D:3      | Reached skill level 1 in Summonings
  2024 | D:3      | Reached skill level 1 in Necromancy
  2024 | D:3      | Reached skill level 1 in Translocations
  2024 | D:3      | Reached skill level 1 in Ice Magic
  2024 | D:3      | Reached skill level 1 in Air Magic
  2024 | D:3      | Reached skill level 1 in Earth Magic
  2024 | D:3      | Reached skill level 1 in Alchemy
  2024 | D:3      | Reached skill level 1 in Shapeshifting
  2024 | D:3      | Reached XP level 4. HP: 40/41 MP: 8/8
  2060 | D:3      | Reached XP level 5. HP: 15/47 MP: 1/9
  2371 | D:3      | Found a shadowy altar of Dithmenos.
  2409 | D:3      | Found a broken altar of Ashenzari.
  3101 | D:4      | Reached XP level 6. HP: 53/53 MP: 11/11
  3193 | D:4      | Noticed a black bear
  3201 | D:4      | Killed a black bear
  3259 | D:4      | Found a staircase to the Ecumenical Temple.
  3301 | Temple   | Entered the Ecumenical Temple
  3396 | D:4      | Found a transporter.
  3406 | D:4      | Reached XP level 7. HP: 41/60 MP: 12/12
  3654 | D:4      | Identified the +1 pair of gloves "Xitaskech" {Rampage rElec
                  | Dex-4}
  3745 | D:4      | Found a runed translucent door.
  3745 | D:4      | Noticed a yak
  3746 | D:4      | Noticed redmage's ghost (amateur CoGl)
  3831 | D:4      | Found a transporter.
  3878 | D:4      | Succumbed to an orc warrior zombie's poison

Illustrated notes

Levels and vault maps discovered:
D:1:      psy_arrival_radial01, layout_basic
D:2:      layout_rooms
D:3:      layout_basic, mainiacjoe_overflow_two_lobes, grunt_decor_arrowhead,
          hangedman_decor_clover_reticule, chequers_serial_rivers_small_b
D:4:      gammafunk_cloud_chamber, layout_rooms, minmay_temple_entry_waves,
          ebering_ghost_inner_flame
Temple:   minmay_freezing_vapour_temple

Skill      XL: |  1  2  3  4  5  6  7 |
---------------+----------------------+-----
Invocations    | 1 2 |  2.6
Short Blades   | 1 2 |  2.4
Long Blades    | 1 2 |  2.4
Axes           | 1 2 |  2.4
Polearms       | 1 2 |  2.4
Staves         | 1 2 |  2.4
Ranged Weapons | 1 2 |  2.4
Throwing       | 1 2 |  2.4
Armour         | 1 2 |  2.4
Dodging        | 1 2 |  2.4
Stealth        | 1 2 |  2.4
Shields        | 1 2 |  2.4
Unarmed Combat | 1 2 |  2.4
Evocations     | 1 2 |  2.4
Spellcasting   | 3 |  3.7
Conjurations   | 1 2 |  2.0
Hexes          | 1 2 |  2.0
Summonings     | 1 2 |  2.0
Necromancy     | 1 2 |  2.0
Translocations | 1 2 |  2.0
Ice Magic      | 1 2 |  2.0
Air Magic      | 1 2 |  2.0
Earth Magic    | 1 2 |  2.0
Alchemy        | 1 2 |  2.0
Shapeshifting  | 1 2 |  2.2
Fighting       | 7 |  7.0
Maces & Flails | 7 |  7.0
Fire Magic     | |  5.8

Action                     |  1- 3 |  4- 6 |  7- 9 || total
---------------------------+-------+-------+-------++-------
  Melee: Mace              |    36 |       |       ||    36
         Bite              |     5 |     8 |     1 ||    14
         Dagger            |    83 |    89 |    46 ||   218
   Cast: Scorch            |    12 |    13 |     8 ||    33
 Invoke: Foxfire Swarm     |       |     1 |       ||     1
         Rising Flame      |       |       |     1 ||     1
   Stab: Sleeping          |       |     1 |       ||     1
 Armour: Robe              |    87 |    25 |       ||   112
         Leather armour    |       |    36 |    37 ||    73
  Dodge: Dodged            |    71 |    53 |    20 ||   144

Table legend: (Time is in decaauts)
 A = Elapsed time spent in this place.
 B = Non-inter-level travel time spent in this place.
 C = Inter-level travel time spent in this place.
 D = Time resting spent in this place.
 E = Time spent auto-exploring this place.
 F = Levels seen in this place.
 G = Mean time per level.
                   A        B        C        D        E       F      G
               +--------+--------+--------+--------+--------+-----+--------+
         Total |   3865 |   3798 |     67 |    959 |   2076 |   5 |  773.0 |
       Dungeon |   3840 |   3773 |     67 |    959 |   2076 |   4 |  960.0 |
        Temple |     24 |     24 |      0 |      0 |      0 |   1 |   24.0 |
               +--------+--------+--------+--------+--------+-----+--------+

Top non-repeatable levels by time:
     D:3: 1253 daAuts
     D:1: 939 daAuts
     D:2: 903 daAuts
     D:4: 744 daAuts
  Temple: 24 daAuts
